 Dungeon Crawl Stone Soup version 0.26-a0-651-gb41185065b (webtiles) character file.

Game seed: 756115802909800994

9450 kae the Grappler (level 11, -6/77 HPs)
             Began as a Green Draconian Transmuter on Oct 21, 2020.
             Was a Believer of Wu Jian.
             Mangled by an orc warrior
             ... wielding a +0 halberd
              (22 damage)
             ... on level 9 of the Dungeon.
             The game lasted 00:12:15 (13511 turns).

kae the Grappler (Green Draconian Transmuter)      Turns: 13511, Time: 00:12:15

Health: -6/77      AC:  9    Str: 15    XL:     11   Next: 23%
Magic:  6/14       EV: 12    Int: 20    God:    Wu Jian [**....]
Gold:   695        SH:  0    Dex: 12    Spells: 3/14 levels left

rFire    . . .     SeeInvis .     - Unarmed
rCold    . . .     Faith    .   (shield currently unavailable)
rNeg     . . .     Spirit   .   (armour unavailable)
rPois    +         Reflect  .   p - +2 hat
rElec    .         Harm     .   (no cloak)
rCorr    .         Rampage  .   (gloves currently unavailable)
MR       .....                  (no boots)
Stlth    +.........             (no amulet)
HPRegen  0.22/turn              E - ring of poison resistance
MPRegen  0.14/turn              n - +6 ring of intelligence

@: blade hands (expiring)
A: breathe noxious fumes, unfitting armour, poison resistance, cold-blooded, AC
+7
a: Breathe Noxious Fumes, End Transformation, Wall Jump, Renounce Religion


You were on level 9 of the Dungeon.
You worshipped Wu Jian.
Wu Jian was pleased with you.
You had blades for hands.
You visited 2 branches of the dungeon, and saw 10 of its levels.
You also visited: Sewer.

You collected 695 gold pieces.

Inventory:

Hand Weapons
 d - a +3 short sword of speed
Armour
 p - a +2 hat (worn)
Jewellery
 i - an uncursed ring of stealth
 n - a +6 ring of intelligence (right scythe-like blade)
 y - an uncursed ring of positive energy
 E - a ring of poison resistance (left scythe-like blade)
Wands
 c - a wand of paralysis (6)
 t - a wand of flame (41)
 v - a wand of digging (4)
 w - a wand of polymorph (11)
 B - a wand of enslavement (9)
 G - a wand of disintegration (11)
Scrolls
 b - 4 scrolls of remove curse
 e - 3 scrolls of magic mapping
 f - a scroll of amnesia
 h - a scroll of teleportation
 o - a scroll of blinking
 u - 2 scrolls of enchant weapon
Potions
 a - a potion of degeneration
 g - 2 potions of might
 j - a potion of curing
 k - 2 potions of heal wounds
 l - 3 potions of lignification
 m - 4 potions of invisibility
 q - 2 potions of magic
 r - 2 potions of brilliance {unknown}
 s - a potion of stabbing {unknown}
 x - a potion of berserk rage {unknown}
 z - a potion of flight {unknown}
 A - a potion of resistance {unknown}
 F - a potion of ambrosia {unknown}


   Skills:
 - Level 1.1 Fighting
 - Level 1.7 Dodging
 * Level 14.1 Unarmed Combat
 - Level 2.0 Spellcasting
 + Level 10.3 Transmutations


You had 3 spell levels left.
You knew the following spells:

 Your Spells              Type           Power        Failure   Level
a - Beastly Appendage     Tmut           #####.       9%          1
b - Wereblood             Tmut           #####...     11%         2
c - Spider Form           Tmut/Pois      ###.......   34%         3
d - Blade Hands           Tmut           #####.....   36%         5

Your spell library contained the following spells:

 Spells                   Type           Power        Failure   Level
 Ice Form                 Ice/Tmut       ###.....     61%         4


Dungeon Overview and Level Annotations

Branches:
Dungeon (9/15)             Temple (1/1) D:7            Lair (0/6) D:8
  Sewer (visited)
    Orc: D:9-12

Altars:
Ashenzari
Cheibriados
Dithmenos
Elyvilon
Fedhas
Gozag
Hepliaklqana
Kikubaaqudgha
Makhleb
Nemelex Xobeh
Okawaru
Qazlal
Ru
Sif Muna
Trog
Uskayaw
Vehumet
Wu Jian
Xom
Yredelemnul
Zin
The Shining One

Shops:
D:9 :}!

Annotations:
D:4 exclusion: statue


Innate Abilities, Weirdness & Mutations

You can breathe blasts of noxious fumes.
Your lurid green scales are hard. (AC +7)
You cannot fit into any form of body armour.
Your system is resistant to poisons. (rPois)
You are cold-blooded and may be slowed by cold attacks.


Message History

The orc warrior hits you from afar with a +0 halberd!
You slash the green ugly thing! You tail-slap the green ugly thing.
The green ugly thing is almost dead.
The green ugly thing misses you.
You hit the green ugly thing.
The green ugly thing is almost dead.
The orc warrior hits you from afar with a +0 halberd!
* * * LOW HITPOINT WARNING * * *
The green ugly thing gores you but does no damage.
You slice the green ugly thing!!
You kill the green ugly thing!
The Council accepts your kill.
You lunge at the orc warrior, in a flurry of attacks.
You slash the orc warrior!
The orc warrior is heavily wounded.
You barely miss the orc warrior.
You tail-slap the orc warrior, but do no damage.
The orc warrior is heavily wounded.
The orc warrior hits you with a +0 halberd!!
You die...

.###.....## #.......##..(#
.##.......##..#####..#.###
.#...#.#...#. ##.#.# .#..##.##..#
#.#.# .#....#....# #.#.###
.#..##.##..# #(#...# .#...#.#...#
##(#.#.#
.##...†...##..#####.[#.#.# ######
.###.....## #oao@)).##.#.# #.....
.#####'###############.#.###.....
.......................#...'.....
#######..###.####......#####.....
..........<#.# ######## #...⌠.
########.###.# ####.∩ #.# #.# #⌠.
#.# #.# ### #.# #.#


You could see 2 orc warriors and a worker ant.

Vanquished Creatures
  A centaur warrior (D:9)
  A two-headed ogre (D:9)
  An ugly thing (D:9)
  A cyclops (D:7)
  Maggie (D:6)
  Psyche (D:9)
  A kobold demonologist (D:9)
  Grinder (D:5)
  A hippogriff (D:7)
  9 yaks
  A steam dragon (D:9)
  A basilisk (D:8)
  Menkaure (D:6)
  3 porcupines (D:8)
  Duvessa (D:7)
  4 ice beasts
  An orc warrior (D:9)
  2 phantoms
  4 ogres
  6 centaurs
  3 crocodiles (D:8)
  2 bullfrogs
  A scorpion (D:6)
  Dowan (D:7)
  6 killer bees (D:9)
  11 wights
  5 howler monkeys
  A quasit (D:8)
  5 orc priests
  2 hounds
  4 jellies
  A bullfrog skeleton (D:9)
  A centaur skeleton (D:7)
  12 orc wizards
  Jessica (D:5)
  An iguana (D:9)
  6 worker ants
  A worker ant zombie (D:8)
  8 gnolls
  A howler monkey skeleton (D:4)
  11 adders
  4 river rats (Sewer)
  6 shadow imps
  2 white imps
  An ufetubus (D:7)
  2 worms (D:2)
  An adder skeleton (D:7)
  2 dart slugs
  4 leopard geckos
  26 orcs
  5 bats
  7 giant cockroaches
  7 hobgoblins
  12 jackals
  21 kobolds
  2 quokkas
  2 ball pythons (Sewer)
  4 frilled lizards
  6 goblins
  A jackal skeleton (D:7)
  A jackal zombie (D:6)
  2 quokka skeletons
  24 rats
268 creatures vanquished.

Vanquished Creatures (others)
  2 bushes (D:6)
  2 fungi (D:8)
  29 plants
33 creatures vanquished.

Grand Total: 301 creatures vanquished

Notes
Turn   | Place    | Note
-------+----------+-------------------------------------------
     0 | D:1      | kae the Draconian Transmuter began the quest for the Orb.
     0 | D:1      | Reached XP level 1. HP: 16/16 MP: 3/3
   197 | D:1      | Reached XP level 2. HP: 3/23 MP: 3/5
  1072 | D:2      | Learned a level 2 spell: Wereblood
  1092 | D:2      | Reached skill level 4 in Unarmed Combat
  1092 | D:2      | Reached XP level 3. HP: 26/28 MP: 6/6
  1097 | D:2      | Learned a level 3 spell: Spider Form
  1302 | D:2      | Found a glowing silver altar of Zin.
  1919 | D:3      | Reached XP level 4. HP: 34/35 MP: 5/7
  1935 | D:3      | Found a snail-covered altar of Cheibriados.
  2548 | D:4      | HP: 1/35 [poisoned by a worker ant]
  2942 | D:4      | Found an opulent altar of Gozag.
  3041 | D:4      | Found a radiant altar of Vehumet.
  3043 | D:4      | Noticed a charred statue
  3206 | D:4      | Reached skill level 5 in Unarmed Combat
  3206 | D:4      | Reached XP level 5. HP: 27/40 MP: 8/8
  3547 | D:5      | Entered Level 5 of the Dungeon
  3547 | D:5      | Noticed a phantom
  3592 | D:5      | Noticed a centaur
  3651 | D:5      | Found a glowing drain.
  3668 | D:5      | Noticed Grinder
  3934 | D:5      | Paralysed by Grinder for 7 turns
  3959 | D:5      | Paralysed by Grinder for 4 turns
  3976 | D:5      | Killed Grinder
  3976 | D:5      | Reached skill level 6 in Unarmed Combat
  3976 | D:5      | Reached XP level 6. HP: 40/47 MP: 2/9
  4019 | Sewer    | Entered a sewer
  4659 | Sewer    | Your scales start taking on a lurid green colour.
  4659 | Sewer    | Reached XP level 7. HP: 44/52 MP: 8/10
  4659 | Sewer    | Gained mutation: Your system is resistant to poisons.
                  | (rPois) [Green Draconian growth]
  5102 | D:5      | Reached skill level 7 in Unarmed Combat
  5334 | D:5      | Reached skill level 5 in Transmutations
  5613 | D:5      | Reached skill level 8 in Unarmed Combat
  5638 | D:5      | Reached XP level 8. HP: 29/59 MP: 5/11
  5807 | D:5      | Noticed Jessica
  5815 | D:5      | Learned a level 5 spell: Blade Hands
  5824 | D:5      | Killed Jessica
  5831 | D:5      | Found a shimmering blue altar of Sif Muna.
  6366 | D:6      | Reached skill level 9 in Unarmed Combat
  6554 | D:6      | Found a basalt altar of Yredelemnul.
  6727 | D:6      | Noticed Maggie
  6829 | D:6      | Killed Maggie
  7153 | D:6      | Noticed Menkaure
  7314 | D:6      | Killed Menkaure
  7314 | D:6      | Reached skill level 10 in Unarmed Combat
  7576 | D:6      | Found a white marble altar of Elyvilon.
  7697 | D:6      | Reached XP level 9. HP: 52/64 MP: 8/12
  8644 | D:6      | Found a blossoming altar of Fedhas.
  8946 | D:7      | Found a staircase to the Ecumenical Temple.
  8956 | D:7      | Noticed a cyclops
  9337 | Temple   | Entered the Ecumenical Temple
  9424 | Temple   | Became a worshipper of the Wu Jian Council
  9656 | D:7      | Killed a cyclops
  9656 | D:7      | Reached skill level 11 in Unarmed Combat
 10243 | D:7      | Reached * piety under Wu Jian
 10412 | D:7      | Noticed Dowan
 10428 | D:7      | Reached skill level 12 in Unarmed Combat
 10428 | D:7      | Reached XP level 10. HP: 44/71 MP: 7/13
 10450 | D:7      | Killed Dowan
 10708 | D:7      | Noticed Duvessa
 10920 | D:7      | Killed Duvessa
 10969 | D:7      | Found an iron altar of Okawaru.
 11725 | D:8      | Found a staircase to the Lair.
 11732 | D:8      | Reached skill level 13 in Unarmed Combat
 12015 | D:8      | Reached ** piety under Wu Jian
 12381 | D:9      | Found Reahuadi's Book Emporium.
 12398 | D:9      | Found Tokkuudu's Gadget Shoppe.
 12405 | D:9      | Found Ygagol's Distillery.
 12433 | D:9      | Noticed Psyche
 12448 | D:9      | Killed Psyche
 12704 | D:9      | Found a shimmering blue altar of Sif Muna.
 12991 | D:9      | Noticed a two-headed ogre
 12996 | D:9      | Killed a two-headed ogre
 12996 | D:9      | Reached skill level 10 in Transmutations
 13060 | D:9      | Reached XP level 11. HP: 74/77 MP: 9/14
 13225 | D:9      | Found a broken altar of Ashenzari.
 13487 | D:9      | Noticed a centaur warrior
 13499 | D:9      | Killed a centaur warrior
 13499 | D:9      | Reached skill level 14 in Unarmed Combat
 13500 | D:9      | Noticed a green ugly thing
 13510 | D:9      | Killed a green ugly thing
 13511 | D:9      | Mangled by an orc warrior

Illustrated notes

Levels and vault maps discovered:
D:1:      dpeg_arrival_orchard, layout_loops_ring
D:2:      layout_rooms, zin_statuary, serial_curves, eino_curves_03,
          eino_curves_03
D:3:      layout_basic, kennysheep_slug_shrine
D:4:      layout_basic, vehumet_statue, grunt_gozag_statues
D:5:      layout_gridville, tgw_sif, gup_sewer_entry_glass, minmay_misc_feat_x,
          uniq_grinder
D:6:      layout_layer_cave, lemuel_crystal_altar, lemuel_round_altar,
          fedhas_altar_decomposition, uniq_menkaure, uniq_maggie
D:7:      layout_gridville, okawaru_ov_weapons_minmay,
          minmay_temple_entry_sparse_star, uniq_duvessa
D:8:      layout_rooms, minmay_lair_entry_grove
D:9:      layout_basic, lemuel_doored_altar, serial_shops, shop, shop_fountains,
          nicolae_shop_stone, basic_altar, minmay_the_grid_2x2
          [minmay_the_grid_plusring, minmay_the_grid_spin_star,
          minmay_the_grid_outer_diamond, minmay_the_grid_prize_inner_circle],
          uniq_psyche
Temple:   nicolae_temple_hex_pool

Skill      XL: |  1  2  3  4  5  6  7  8  9 10 11 |
---------------+----------------------------------+-----
Unarmed Combat | 4 5 6 8 10 12 13 14 | 14.1
Transmutations | 3 4 5 7 8 10 | 10.3
Fighting       | |  1.1
Dodging        | |  1.7
Spellcasting   | |  2.0

Action                   |  1- 3 |  4- 6 |  7- 9 | 10-12 || total
-------------------------+-------+-------+-------+-------++-------
Melee: Unarmed           |    36 |    48 |   250 |   190 ||   524
       Kick              |    16 |    23 |       |       ||    39
       Tailslap          |     8 |    15 |     8 |    13 ||    44
       Headbutt          |     9 |    12 |       |       ||    21
       Short sword       |    78 |   141 |    39 |    14 ||   272
       Punch             |       |       |     2 |     2 ||     4
 Cast: Beastly Appendage |    16 |    16 |       |       ||    32
       Spider Form       |       |     7 |    30 |    15 ||    52
       Blade Hands       |       |       |     7 |     7 ||    14
Invok: Lunge             |       |       |     7 |    19 ||    26
       Whirlwind         |       |       |     3 |     3 ||     6
Evoke: Wand              |       |       |     2 |       ||     2
  Use: Scroll            |     4 |     7 |     6 |     2 ||    19
       Potion            |       |     4 |     4 |     1 ||     9
 Stab: Sleeping          |       |     2 |       |       ||     2
Armor: Skin              |    39 |    41 |    28 |    28 ||   136
Dodge: Dodged            |    70 |   125 |   203 |   112 ||   510

Table legend: (Time is in decaauts)
 A = Elapsed time spent in this place.
 B = Non-inter-level travel time spent in this place.
 C = Inter-level travel time spent in this place.
 D = Time resting spent in this place.
 E = Time spent auto-exploring this place.
 F = Levels seen in this place.
 G = Mean time per level.
                   A        B        C        D        E       F      G
               +--------+--------+--------+--------+--------+-----+--------+
         Total |  13365 |  12850 |    515 |   2705 |   8394 |  11 | 1215.0 |
       Dungeon |  12219 |  11725 |    494 |   2623 |   7597 |   9 | 1357.7 |
        Temple |     99 |     78 |     21 |      0 |     76 |   1 |   99.0 |
         Sewer |   1046 |   1046 |      0 |     82 |    721 |   1 | 1046.0 |
               +--------+--------+--------+--------+--------+-----+--------+

Top non-repeatable levels by time:
     D:6: 2876 daAuts
     D:7: 1894 daAuts
     D:4: 1519 daAuts
     D:5: 1455 daAuts
     D:9: 1157 daAuts
     D:1: 1050 daAuts
   Sewer: 1046 daAuts
     D:8: 989 daAuts
     D:3: 791 daAuts
     D:2: 484 daAuts
  Temple: 99 daAuts
